 Dungeon Crawl Stone Soup version 0.19.0-2-gae57169 (webtiles) character file.

80 Alarkh the Grave Robber (level 4, -2/30 HPs)
             Began as a Mummy Necromancer on Nov 5, 2016.
             Slain by an adder (4 damage)
             ... on level 2 of the Dungeon.
             The game lasted 00:02:46 (1805 turns).

Alarkh the Grave Robber (Mummy Necromancer)         Turns: 1805, Time: 00:02:47

Health: -2/30      AC:  2    Str: 11    XL:     4   Next: 18%
Magic:  5/9        EV: 12    Int: 15    God:
Gold:   80         SH:  0    Dex: 12    Spells: 2 memorised, 5 levels left

rFire  . . .     SeeInvis .     k - +0 whip (elec)
rCold  + . .     Gourm    .     a - +0 robe
rNeg   + + +     Faith    .     (no shield)
rPois  ∞         Spirit   .     (no helmet)
rElec  .         Reflect  .     (no cloak)
rCorr  .         Harm     .     (no gloves)
MR     .....                    (no boots)
Stlth  ++........               (no amulet)
                                g - ring of protection from fire
                                h - ring of wizardry

@: no status effects
A: no food or potions, fire vulnerability, cold resistance 1, negative energy
resistance 3, torment resistance, unbreathing
a: no special abilities


You were on level 2 of the Dungeon.
You were not hungry.

You visited 1 branch of the dungeon, and saw 3 of its levels.

You collected 80 gold pieces.

Inventory:

Hand Weapons
 d - a +0 dagger
 j - a +0 mace
 k - a +0 whip of electrocution (weapon)
Armour
 a - a +0 robe (worn)
Jewellery
 c - an uncursed ring of protection from cold
 g - a ring of protection from fire (right hand)
 h - a ring of wizardry (left hand)
Wands
 l - a wand of iceblast (6/15)
Scrolls
 e - a scroll of identify
 f - a scroll of amnesia
 i - a scroll of enchant weapon {unknown}
Books
 b - a book of Necromancy

   Spells                             Type                      Level
   a - Pain                           Necromancy                   1
   b - Animate Skeleton               Necromancy                   1
   c - Vampiric Draining              Necromancy                   3
   d - Regeneration                   Charms/Necromancy            3
   e - Animate Dead                   Necromancy                   4
   f - Control Undead                 Necromancy                   4


   Skills:
 - Level 1.5 Dodging
 - Level 1.5 Stealth
 + Level 3.4 Spellcasting
 + Level 4.7 Necromancy


You had 5 spell levels left.
You knew the following spells:

 Your Spells              Type           Power        Failure   Level  Hunger
a - Pain                  Necr           ###.         1%          1    N/A
b - Vampiric Draining     Necr           ###.......   4%          3    N/A

Dungeon Overview and Level Annotations

Branches:
Dungeon (3/15)

Altars:

Annotations:
D:3 xeno23's ghost, amateur DEFE


Innate Abilities, Weirdness & Mutations

You do not eat or drink.
Your flesh is vulnerable to fire.
You are immune to poison.
Your flesh is cold resistant. (rC+)
You are immune to negative energy. (rN+++)
You are immune to unholy pain and torment.
You can survive without breathing.


Message History

There is a stone staircase leading up here.
The rat bites you. The gnoll hits you with a flail. The adder bites you.
The gnoll barely misses you. The gnoll misses you.
The gnoll hits you with a club.
* * * LOW HITPOINT WARNING * * *
You climb upwards.
There is a stone staircase leading down here.
Casting: Pain
Confirm with . or Enter, or press ? or * to list all spells.
Aiming: Pain
Press: ? - help, Shift-Dir - straight line, f - rat
Aim: a rat (chance to defeat MR: 87%)
The rat writhes in agony!
You kill the rat!
The adder completely misses you. The gnoll closely misses you. x2
The gnoll misses you. The gnoll hits you with a club.
* * * LOW HITPOINT WARNING * * *
The adder bites you.
You die...

#####.....### #...........#
#.........!.###
###.............# #######
#.............#.### #......
#.............'g..######......
#.............#g.......+......
#....(.......÷Sg#.######......
#............@#.#.# #.)....
#...#.#########.#÷######......
#####.# #...............
#.#########.######'#......
#...........##............
##############....<.......
#<........... #........###.
#........# #.


You could see 3 gnolls and an adder.

Vanquished Creatures
  4 adders (D:2)
  A worm (D:2)
  2 dart slugs
  4 giant cockroaches
  6 goblins
  3 hobgoblins (D:1)
  A quokka (D:2)
  A ball python (D:2)
  9 bats
  A frilled lizard (D:2)
  4 kobolds
  7 rats
43 creatures vanquished.

Notes
Turn   | Place    | Note
-------+----------+-------------------------------------------
     0 | D:1      | Alarkh the Mummy Necromancer began the quest for the Orb.
     0 | D:1      | Reached XP level 1. HP: 13/13 MP: 3/3
   267 | D:1      | Reached XP level 2. HP: 4/19 MP: 0/5
   955 | D:2      | Reached XP level 3. HP: 16/24 MP: 0/7
   960 | D:2      | Learned a level 3 spell: Vampiric Draining
  1433 | D:2      | Reached XP level 4. HP: 19/30 MP: 0/9
  1644 | D:3      | Noticed xeno23's ghost (amateur DEFE)
  1805 | D:2      | Slain by an adder

Skill      XL: |  1  2 |
---------------+-------+-----
Spellcasting   | 3 |  3.4
Dodging        | |  1.5
Stealth        | |  1.5
Necromancy     | |  4.7

Action                   |  1- 3 |  4- 6 || total
-------------------------+-------+-------++-------
Melee: Unarmed           |    24 |       ||    24
       Dagger            |    17 |       ||    17
       Mace              |     9 |       ||     9
       Whip              |     6 |       ||     6
 Cast: Pain              |    67 |    12 ||    79
  Use: Scroll            |       |     2 ||     2
Armor: Robe              |    15 |     3 ||    18
Dodge: Dodged            |    49 |    11 ||    60
